[Event "Kashem Chowdhury Rating-A 2019"]
[Site "Dhaka"]
[Date "2019.05.07"]
[Round "4.7"]
[White "Md. Jamal Uddin"]
[Black "Avik, Sarker"]
[Result "1/2-1/2"]
[ECO "D35"]
[WhiteElo "2084"]
[BlackElo "2000"]
[Annotator "NA"]
[PlyCount "107"]
[EventDate "2019.05.04"]
[EventType "swiss"]
[EventCountry "BAN"]
[SourceTitle "playchess.com"]
[Source "ChessBase"]
[SourceQuality "1"]
[TimeControl "5400+30"]

1. d4 d5 2. Nf3 Nf6 3. c4 e6 4. Nc3 Be7 5. cxd5 exd5 6. Bf4 c6 7. e3 Bf5 8. Nh4 {[%emt 0:01:52] D35: Queen's Gambit Declined: Exchange Variation} Bg6 (8... Bg4 9. Be2 Bxe2 10. Qxe2 g6 11. Nf3 Nbd7 12. Bh6 Ng4 13. Bf4 Ngf6 14. O-O O-O 15. h3 Re8 {½-½ (74) Yu,Y (2751)-Jakovenko,D (2719) Shenzhen 2019}) 9. Nxg6 hxg6 10. h3 Nh5 $146 ({Predecessor:} 10... Nbd7 11. Bd3 O-O 12. O-O Re8 13. Qc2 Nf8 14. Rac1 Ne6 15. Be5 Nd7 {1-0 (67) Munoz,C (1906)-Hilmi,P (1757) Pune 2014}) 11. Bh2 Bd6 12. Bxd6 Qxd6 13. Qb3 b6 14. Rc1 Nd7 15. Bd3 Nhf6 16. Qc2 O-O 17. O-O b5 18. Nb1 Rac8 19. Nd2 a5 20. Nb3 a4 21. Na5 Nb8 22. Nb7 Qe7 23. Nc5 Nfd7 24. Nxd7 Nxd7 25. a3 f5 26. Qd2 Qd6 27. Rc2 Nb6 28. Qe2 Nc4 29. Qf3 Rce8 30. g3 g5 31. Kg2 g6 32. Rh1 Kg7 33. Re1 Rh8 34. g4 fxg4 35. Qxg4 Qf6 36. Rce2 Rh4 37. Qg3 Nd6 38. Rc2 Nc4 39. Rf1 Reh8 40. Rh1 $1 {[%emt 0:00:00] [#]} g4 $1 41. Qc7+ (41. Kg1 $1 $11 {keeps the balance.}) 41... Kg8 $11 ({Black should try} 41... Qf7 $17 42. Qxf7+ Kxf7) 42. Qc8+ Kg7 43. Qd7+ Kg8 44. Kg1 gxh3 45. Kh2 R8h5 46. Rg1 Rg5 47. Rxg5 Qxg5 48. f4 Qf6 49. Bxg6 Qxg6 50. Qd8+ Kg7 51. Qe7+ Kg8 52. Qd8+ Kg7 53. Qe7+ Kg8 54. Qd8+ {[%emt 0:10:25] Qf6 [%clk 0:00:00]} 1/2-1/2

[Event "Kashem Chowdhury Rating-A 2019"]
[Site "Dhaka"]
[Date "2019.05.07"]
[Round "4.8"]
[White "Hossain, Showkat Pollab"]
[Black "Md.abu, Hanif"]
[Result "1/2-1/2"]
[ECO "B10"]
[WhiteElo "2150"]
[BlackElo "2042"]
[Annotator "NA"]
[PlyCount "129"]
[EventDate "2019.05.04"]
[EventType "swiss"]
[EventCountry "BAN"]
[SourceTitle "playchess.com"]
[Source "ChessBase"]
[SourceQuality "1"]
[TimeControl "5400+30"]

1. e4 c6 2. d3 d5 3. Nd2 e5 4. Ngf3 Bd6 5. Qe2 Qe7 6. g3 {[%emt 0:01:16] B10: Caro-Kann: 2 d3 and 2 c4} (6. d4 exd4 7. exd5 cxd5 8. Nxd4 Nc6 9. N2b3 Bg4 10. f3 Be6 11. Be3 Nf6 12. Nb5 Nd7 13. Nxd6+ Qxd6 {½-½ (25) Harikrishna,P (2673)-Dreev,A (2694) Khanty-Mansiysk 2005}) 6... Nf6 7. Bg2 O-O 8. O-O dxe4 9. dxe4 Bg4 $146 ({Predecessor:} 9... Nbd7 10. c3 a5 11. Nh4 g6 12. Nc4 Bc5 13. Bh6 Re8 14. Ne3 Nf8 15. h3 {0-1 (54) Robichaud,L (2060)-Bremner,W (1684) Quebec 2018}) 10. Nc4 Bc7 11. b3 c5 12. Ne3 Be6 13. Nh4 g6 14. Nd5 Bxd5 15. exd5 Qd6 16. Bb2 Nbd7 17. Rad1 Rfe8 18. Qd2 ({Better is} 18. Nf3 $16) 18... b5 {[%emt 0:00:23] [#]} 19. Qg5 $1 Kh8 20. Rfe1 Ng8 ({Black should play} 20... c4 $14) 21. f4 f6 22. fxe5 Nxe5 23. Qd2 Rad8 24. Nf3 Nxf3+ 25. Bxf3 Re7 (25... Kg7 $16) 26. Rxe7 Qxe7 27. Re1 Be5 28. Bxe5 fxe5 29. Qe2 Re8 (29... e4 $16) 30. Qxb5 Nf6 31. Qc4 e4 32. Bg2 Rd8 $1 $11 33. Qc3 Kg8 34. Qc4 Kg7 35. Qc3 ({Better is} 35. Rd1 $16) 35... Kg8 36. Bf1 $16 h5 37. Bc4 Kh7 38. Qe3 Kg7 39. Qg5 Qd6 40. Re2 Re8 41. Qf4 Re5 42. h3 Nxd5 43. Bxd5 Qxd5 44. Rd2 Qe6 45. Rd7+ Qxd7 46. Qxe5+ Kh7 47. Qxe4 Qxh3 48. Qe7+ Kh6 49. Qf8+ Kh7 50. Qf7+ Kh6 51. Qf4+ Kh7 52. a4 Qd7 53. Kf2 Qd5 54. a5 a6 55. Ke2 Kg7 56. Qe3 $11 Kf6 57. Qf4+ Ke6 58. Qf8 Qe5+ 59. Kf3 Qf5+ 60. Qxf5+ Kxf5 61. c3 Ke5 62. b4 Kd5 63. Kf4 cxb4 64. cxb4 Kc4 65. Kg5 1/2-1/2

[Event "Kashem Chowdhury Rating-A 2019"]
[Site "Dhaka"]
[Date "2019.05.07"]
[Round "4.9"]
[White "Ahmed, Sk. Nasir"]
[Black "Ghosh, Chanchal Kumer"]
[Result "1-0"]
[ECO "B07"]
[WhiteElo "2170"]
[BlackElo "2051"]
[Annotator "NA"]
[PlyCount "109"]
[EventDate "2019.05.04"]
[EventType "swiss"]
[EventCountry "BAN"]
[SourceTitle "playchess.com"]
[Source "ChessBase"]
[SourceQuality "1"]
[TimeControl "5400+30"]

1. e4 d6 2. d4 g6 3. Nc3 Bg7 4. Bg5 Nd7 5. Qd2 h6 6. Bh4 Ngf6 (6... c5 $11 {keeps the balance.}) 7. f4 {[%emt 0:00:15] B07: Pirc Defence: Miscellaneous Systems} c5 (7... e5 8. dxe5 dxe5 9. Nf3 Qe7 10. Nd5 Qc5 11. Bf2 Qd6 12. fxe5 Nxe5 13. O-O-O Nxe4 14. Qe1 Nxf2 15. Nxe5 Bxe5 16. Qxf2 {0-1 (39) Amonatov,F (2598)-Grischuk,A (2726) Moscow 2007}) 8. d5 a6 9. a4 Qa5 10. Ra3 Qb4 11. Rb3 $146 ({Predecessor:} 11. Bd3 c4 12. Be2 g5 13. fxg5 hxg5 14. Bxg5 {0-1 (36) Jahrsdoerfer,G (2145)-Seidens,U (2186) Obernau 2009}) 11... Qa5 12. Nf3 c4 13. Ra3 (13. Bxc4 $14 Nc5 14. O-O) 13... Qb4 14. Ra2 Ng4 (14... Nh5 $11) 15. Be2 Bxc3 16. Qxc3 Qxc3+ 17. bxc3 Nc5 18. Nd2 g5 19. Bxg4 gxh4 20. Bf3 Rg8 21. h3 Rb8 22. Nxc4 b6 23. Kf2 Bd7 24. a5 bxa5 25. Rxa5 Kd8 26. Rha1 Kc7 27. R5a2 Rb5 28. Ke3 Rgb8 29. Be2 R5b7 30. Nd2 Rb2 31. Bxa6 Nxa6 32. Rxb2 Rxb2 33. Rxa6 Rxc2 34. Ra7+ Kd8 35. Ra8+ Bc8 36. Kd3 Rb2 37. Nc4 Rxg2 38. Nb6 Kc7 $18 39. Nxc8 Rg3+ 40. Kd4 Kb7 41. Ra7+ Kxc8 42. Rxe7 Rxh3 43. Rxf7 Rh1 44. Rh7 h3 45. Rxh6 h2 46. Kc4 Kb7 47. e5 Rf1 48. Rxh2 Rxf4+ 49. Kb5 dxe5 50. Rh7+ Kb8 51. c4 Rf1 52. d6 Rd1 53. Kc6 e4 54. d7 e3 55. Rh8+ 1-0

[Event "Kashem Chowdhury Rating-A 2019"]
[Site "Dhaka"]
[Date "2019.05.07"]
[Round "4.10"]
[White "Nayem, Haque"]
[Black "Ahmed, Mahtabuddin"]
[Result "1/2-1/2"]
[ECO "C68"]
[WhiteElo "2106"]
[BlackElo "2036"]
[Annotator "NA"]
[PlyCount "65"]
[EventDate "2019.05.04"]
[EventType "swiss"]
[EventCountry "BAN"]
[SourceTitle "playchess.com"]
[Source "ChessBase"]
[SourceQuality "1"]
[TimeControl "5400+30"]

1. e4 e5 2. Nf3 Nc6 3. Bb5 a6 4. Bxc6 dxc6 5. d4 exd4 6. Qxd4 Qxd4 7. Nxd4 Bd7 8. Be3 O-O-O 9. Nd2 c5 10. Ne2 b6 11. O-O-O Ne7 12. Nf3 {[%emt 0:07:38] C68: Ruy Lopez: Exchange Variation, sidelines} (12. Rhe1 f5 13. Ng3 fxe4 14. Ndxe4 Re8 15. f3 Ng6 16. c4 Nh4 17. Re2 Be7 18. Rde1 Bd8 19. Kd1 h6 {½-½ (39) Mroziak,M (2378)-Hracek,Z (2556) Czech Republic 2018}) 12... Nc6 13. Ng5 $146 ({Predecessor:} 13. Nc3 h6 14. Bf4 Be6 15. Rxd8+ Nxd8 16. h3 Bd6 17. Bxd6 cxd6 18. Rd1 Kc7 19. Nd5+ Bxd5 20. exd5 {½-½ (51) Delivre,R (1880)-Benassayag,L (2096) Le Grand Bornand 2003}) 13... Be8 14. Nc3 Be7 15. Nd5 Bxg5 16. Bxg5 Rd7 17. c3 f6 18. Bf4 Bf7 19. f3 Rhd8 20. Bxc7 Rxc7 21. Nxc7 Kxc7 22. Rxd8 Kxd8 23. b3 Ke7 24. Kd2 b5 25. Ke3 b4 (25... a5 $15) 26. Rc1 Kd6 $11 27. Kd3 a5 28. Rd1 bxc3 29. Kxc3+ Nd4 30. Kb2 Ke5 31. Rc1 Kd6 32. Rd1 Ke5 33. Rc1 1/2-1/2

[Event "Kashem Chowdhury Rating-A 2019"]
[Site "Dhaka"]
[Date "2019.05.07"]
[Round "4.11"]
[White "Nasiruddin, Apu"]
[Black "Md. Masum Hossain"]
[Result "0-1"]
[ECO "B23"]
[WhiteElo "1882"]
[BlackElo "1995"]
[Annotator "NA RC"]
[PlyCount "105"]
[EventDate "2019.05.04"]
[EventType "swiss"]
[EventCountry "BAN"]
[SourceTitle "playchess.com"]
[Source "ChessBase"]
[SourceQuality "1"]
[TimeControl "5400+30"]

1. e4 c5 2. Nc3 e6 3. f4 d5 4. Bb5+ Nc6 5. d3 Nge7 6. Nf3 d4 {[%emt 0:00:30] B23: Closed Sicilian: Lines without g3} (6... a6 7. Bxc6+ Nxc6 8. O-O Be7 9. Ne2 O-O 10. Be3 b5 11. c3 Bb7 12. Ng3 dxe4 13. dxe4 Qxd1 14. Rfxd1 Rfd8 15. Ne1 Rxd1 16. Rxd1 {½-½ (25) Sequera Paolini,J (2413)-Venkatesh,M (2460) Lienz 2015}) 7. Bxc6+ Nxc6 8. Ne2 g6 9. O-O Bg7 10. Qe1 $146 ({Predecessor:} 10. Ng3 h5 11. e5 Ne7 12. Ne4 Nf5 13. Nxc5 Qe7 14. Ne4 {½-½ (44) Agdestein,E (2057)-Lauda,A (2010) Istanbul 2005}) 10... O-O 11. Kh1 f5 12. Ng3 b5 13. b3 Re8 14. Qf2 a5 15. a4 bxa4 16. Rxa4 Ba6 17. Ra2 Nb4 18. Ra1 Bb5 19. Ba3 Qc7 20. e5 Nd5 21. Bc1 a4 22. bxa4 Rxa4 23. Rxa4 (23. Bd2 $17) 23... Bxa4 24. Ng5 h6 25. Nh3 Rb8 26. Ba3 Qa5 27. c4 Ne3 28. Qf3 Nxf1 29. Nxf1 Rb1 30. Kg1 $19 Bc2 31. Qe2 Bb3 32. Bxc5 Qxc5 33. g4 Qb4 34. gxf5 exf5 35. Qg2 Qe1 36. Nf2 Kh7 37. h4 Ba4 38. Qh3 Bc6 39. h5 Qxf1+ 40. Qxf1 Rxf1+ 41. Kxf1 g5 42. fxg5 hxg5 43. e6 Kh6 44. Nh3 Kxh5 45. Kf2 Be5 46. Ng1 g4 47. Ne2 f4 48. c5 g3+ 49. Kf1 f3 50. Ng1 Kg4 51. e7 Bf6 52. Ke1 Be5 53. Kd2 0-1

[Event "Kashem Chowdhury Rating-A 2019"]
[Site "Dhaka"]
[Date "2019.05.08"]
[Round "5.5"]
[White "Sumit, Kumar"]
[Black "Rahman, Syed Mahfuzur"]
[Result "1-0"]
[ECO "B51"]
[WhiteElo "2201"]
[BlackElo "2217"]
[Annotator "NA RC"]
[PlyCount "91"]
[EventDate "2019.05.04"]
[EventType "swiss"]
[EventCountry "BAN"]
[SourceTitle "playchess.com"]
[Source "ChessBase"]
[SourceQuality "1"]
[TimeControl "5400+30"]

1. e4 c5 2. Nf3 d6 3. Bb5+ Nd7 4. O-O a6 5. Bd3 Ngf6 6. c3 {[%emt 0:00:17] B51: Sicilian: Moscow Variation (3 Bb5+) without 3...Bd7} (6. Re1 e6 7. a4 b6 8. c3 Bb7 9. Qe2 Qc7 10. Na3 Be7 11. Bb1 e5 12. d4 cxd4 13. cxd4 exd4 14. Nxd4 {½-½ (42) Jakovenko,D (2719)-Ding,L (2809) Shenzhen 2019}) 6... Ne5 7. Nxe5 dxe5 8. Bc2 g6 9. d3 Bg7 10. Be3 Qc7 11. h3 O-O $146 ({Predecessor:} 11... Nh5 12. Nd2 {1-0 (78) Rjabzev,K (2270)-Makoveev,I (2041) St Petersburg 2017}) 12. Nd2 Nh5 13. Nf3 h6 14. Rc1 Rd8 15. Qe2 Be6 16. Rfd1 Rac8 17. d4 cxd4 18. cxd4 exd4 19. Nxd4 Bc4 20. Qf3 e5 (20... Bxd4 $1 $11 21. Rxd4 Rxd4 22. Bxd4 Bxa2) 21. Ne2 (21. Bd3 $14 b5 22. b3) 21... Qe7 ({Better is} 21... Bxa2 $15 22. Nc3 Be6) 22. Nc3 Nf6 23. a3 b5 24. Rxd8+ Rxd8 25. Rd1 Rxd1+ 26. Qxd1 Qd7 27. f3 Bf8 28. Kf2 Qxd1 29. Bxd1 Nd7 30. Be2 f5 31. Bxc4+ bxc4 32. Ke2 Kf7 33. Kd2 Nb8 $18 (33... Ke6 $16 {keeps fighting.}) 34. Nd5 fxe4 35. fxe4 Nc6 36. Kc3 Na5 37. Nc7 g5 38. Nxa6 Ke6 39. Nc7+ Kd6 40. Nd5 Kc6 41. Bb6 Nb3 42. Kxc4 Nd2+ 43. Kd3 Nb3 44. Kc2 Nd4+ 45. Bxd4 exd4 46. Kd3 1-0

[Event "Kashem Chowdhury Rating-A 2019"]
[Site "Dhaka"]
[Date "2019.05.08"]
[Round "5.6"]
[White "Islam, Mohammad Aminul"]
[Black "Ahmed, Sk. Nasir"]
[Result "1/2-1/2"]
[ECO "B10"]
[WhiteElo "2027"]
[BlackElo "2170"]
[Annotator "NA RC"]
[PlyCount "64"]
[EventDate "2019.05.04"]
[EventType "swiss"]
[EventCountry "BAN"]
[SourceTitle "playchess.com"]
[Source "ChessBase"]
[SourceQuality "1"]
[TimeControl "5400+30"]

1. e4 c6 2. d3 d5 3. Nd2 e5 4. Ngf3 Bd6 5. g3 Nf6 6. Bg2 O-O 7. O-O a5 {[%emt 0:05:58] B10: Caro-Kann: 2 d3 and 2 c4} (7... Re8 8. Re1 Nbd7 9. c3 h6 10. Qc2 Nf8 11. b3 Ng6 12. Bb2 Bg4 13. h3 Be6 14. Rad1 Qc7 15. Nf1 Rad8 16. Ne3 Qc8 17. Kh2 {0-1 (39) Mamedyarov,S (2799)-Grischuk,A (2772) Huaian 2017}) 8. a4 Na6 9. Re1 Re8 10. h3 Qc7 11. c3 $146 ({Predecessor:} 11. Nb3 dxe4 12. dxe4 Be6 13. Nbd2 Rad8 14. Bf1 Nc5 15. Qe2 h6 16. Bg2 {0-1 (40) McKerracher,D-Grant,J (2272) Glasgow 2008}) 11... b6 12. d4 exd4 13. Nxd4 Bd7 14. exd5 Rxe1+ 15. Qxe1 cxd5 16. Nb5 Bxb5 17. axb5 Nc5 18. Qf1 Re8 19. Nf3 Nb3 20. Rb1 Ne4 21. Qd3 $2 {[%emt 0:05:25] [#]} (21. Be3 $11) 21... Bc5 $2 (21... Nxf2 $1 $19 22. Kxf2 Bc5+ 23. Nd4 Bxd4+ 24. cxd4 Nxc1) 22. Be3 Nxg3 23. Nd4 Nxd4 24. cxd4 Bb4 25. Bxd5 Nh5 26. Rc1 Qd6 {[%emt 0:00:59] [#]} (26... Qd7 $11 27. Qc4 Qf5) 27. Qf5 $1 Nf6 28. Rc8 (28. Bb3 $16) 28... Rxc8 29. Qxc8+ Qf8 30. Qxf8+ Kxf8 31. Bc6 Ke7 32. Kf1 Kd8 $11 1/2-1/2

[Event "Kashem Chowdhury Rating-A 2019"]
[Site "Dhaka"]
[Date "2019.05.08"]
[Round "5.8"]
[White "Md.abu, Hanif"]
[Black "Md. Jamal Uddin"]
[Result "1/2-1/2"]
[ECO "A80"]
[WhiteElo "2042"]
[BlackElo "2084"]
[Annotator "NA RC"]
[PlyCount "27"]
[EventDate "2019.05.04"]
[EventType "swiss"]
[EventCountry "BAN"]
[SourceTitle "playchess.com"]
[Source "ChessBase"]
[SourceQuality "1"]
[TimeControl "5400+30"]

1. d4 f5 2. Bf4 Nf6 3. e3 g6 4. h3 Bg7 5. Nf3 O-O 6. Nbd2 c6 7. Be2 d6 8. O-O Qe8 9. c3 h6 10. Bh2 Ne4 11. Nxe4 fxe4 12. Nd2 d5 13. f3 exf3 $16 14. Nxf3 1/2-1/2

[Event "Kashem Chowdhury Rating-A 2019"]
[Site "Dhaka"]
[Date "2019.05.08"]
[Round "5.9"]
[White "Avik, Sarker"]
[Black "Abdul, Momin"]
[Result "1/2-1/2"]
[ECO "D02"]
[WhiteElo "2000"]
[BlackElo "2037"]
[Annotator "NA RC"]
[PlyCount "122"]
[EventDate "2019.05.04"]
[EventType "swiss"]
[EventCountry "BAN"]
[SourceTitle "playchess.com"]
[Source "ChessBase"]
[SourceQuality "1"]
[TimeControl "5400+30"]

1. d4 d5 2. Bf4 e6 3. e3 Nf6 4. Nd2 c5 5. c3 Nbd7 6. Bd3 Be7 7. Ngf3 b6 8. Ne5 Nxe5 {[%emt 0:00:36] D02: 1 d4 d5 2 Nf3 sidelines, including 2...Nf6 3 g3 and 2...Nf6 3 Bf4} 9. Bxe5 (9. dxe5 Nd7 10. Bg3 Bb7 11. f4 d4 12. Be4 Bxe4 13. Nxe4 dxe3 14. Qe2 Qc7 15. Qxe3 Qc6 {0-1 (59) Hoang,T (2410)-Buksa,N (2385) Riadh 2017}) 9... O-O 10. Qf3 a5 $146 ({Predecessor:} 10... cxd4 11. exd4 Bd6 12. Qh3 h6 13. f4 Bb7 14. O-O {½-½ (36) Ereza Vizcarra,F (2054)-San Lazaro Lorente,D (1846) Aragon 2018}) 11. Qh3 Ba6 12. Bc2 g6 13. Qh6 Re8 14. g4 Bf8 15. Qf4 (15. Qh4 $15 Nd7 16. Qxd8 Raxd8 17. Nf3) 15... Nd7 16. Bc7 {[%emt 0:07:39] [#]} (16. g5 $17 {was called for.}) 16... Qe7 $1 17. g5 {[%emt 0:37:10] [#]} (17. O-O-O {might work better.}) 17... cxd4 $1 18. cxd4 Rac8 19. Ba4 (19. Bb3 $142 Qb4 20. a4) 19... b5 $2 (19... e5 20. Bxe5 Qb4) 20. Bd1 Qb4 $2 (20... Nc5 $19 21. dxc5 Rxc7) 21. Rb1 {[%emt 0:02:18] [#]} e5 $1 22. Bxe5 a4 23. a3 {[%emt 0:02:15] [#]} (23. Bc7 $17) 23... Nxe5 $3 24. dxe5 {[%emt 0:02:39] [#]} Qa5 $1 25. e4 $2 (25. h4) 25... Bg7 26. O-O Bxe5 27. Qe3 d4 28. Qe1 (28. Qd3 $142 Bf4 {[%mdl 64] Double Attack} 29. Nf3) 28... b4 29. f4 (29. axb4 {was called for.} Qxb4 30. Nf3) 29... Bxf1 30. Qxf1 Bb8 31. e5 bxa3 32. Ne4 h5 (32... a2 $142 33. Nf6+ Kf8) 33. Nf6+ {[%emt 0:03:51] [#]} Kf8 $1 34. Nxe8 {[%emt 0:00:30] [#]} a2 (34... axb2 $1 $19 35. Rxb2 a3) 35. Ra1 Rxe8 (35... Kxe8 $19 {and Black stays clearly on top.} 36. Rxa2 Qd2) 36. Rxa2 {[%emt 0:00:26] [#]} Qd2 ({Better is} 36... d3 $1 $17 37. Rxa4 (37. Qxd3 Rd8) 37... Ba7+ 38. Kh1 Qb6) 37. Bxa4 $2 (37. Ra1 $15) 37... Rc8 38. Ra1 Qxb2 39. Rb1 Qa3 40. Bb3 Ba7 41. Kg2 h4 42. e6 fxe6 43. Bxe6 Rc2+ 44. Kh1 Qd6 45. Bh3 d3 46. Qf3 Qc6 47. Qxc6 Rxc6 48. Rd1 Rc3 49. Bf1 Be3 50. Rxd3 Rc1 51. Rxe3 Rxf1+ 52. Kg2 Rxf4 53. Rf3 h3+ 54. Kg3 Rxf3+ 55. Kxf3 Ke7 56. Kg4 Ke6 57. Kf4 Kd5 58. Kg4 Ke4 59. Kxh3 Kf4 60. Kh4 Kf5 61. h3 Kf4 1/2-1/2

[Event "Kashem Chowdhury Rating-A 2019"]
[Site "Dhaka"]
[Date "2019.05.09"]
[Round "6.1"]
[White "Mohammad Fahad, Rahman"]
[Black "Hossain, Enamul"]
[Result "0-1"]
[ECO "B96"]
[WhiteElo "2322"]
[BlackElo "2442"]
[Annotator "ChessBase"]
[PlyCount "66"]
[EventDate "2019.05.04"]
[EventType "swiss"]
[EventCountry "BAN"]
[SourceTitle "playchess.com"]
[Source "ChessBase"]
[SourceQuality "1"]
[TimeControl "5400+30"]

1. e4 c5 2. Nf3 d6 3. d4 cxd4 4. Nxd4 Nf6 5. Nc3 a6 6. Bg5 e6 7. f4 Qc7 8. Bd3 Bd7 9. Qe2 Nc6 10. Nxc6 Bxc6 11. O-O-O Be7 12. Kb1 h6 13. Bxf6 Bxf6 14. Nd5 exd5 15. exd5+ Kf8 16. dxc6 bxc6 17. c4 Re8 18. Qf2 Qa5 19. f5 Kg8 20. h4 h5 21. Rhe1 Kh7 22. Be4 Qb4 23. a3 Qxc4 24. Qf3 Rb8 25. Re2 d5 26. Bd3 Qa4 27. Rde1 Rhd8 28. Qxh5+ Kg8 29. Qf3 c5 30. g4 c4 31. g5 Bxb2 32. Rxb2 Rxb2+ 33. Kxb2 Qb3+ 0-1

[Event "Kashem Chowdhury Rating-A 2019"]
[Site "Dhaka"]
[Date "2019.05.09"]
[Round "6.5"]
[White "Subrota, Biswas"]
[Black "Mohammad, Javed"]
[Result "1-0"]
[ECO "A64"]
[WhiteElo "2086"]
[BlackElo "2152"]
[Annotator "RC"]
[PlyCount "145"]
[EventDate "2019.05.04"]
[EventType "swiss"]
[EventCountry "BAN"]
[SourceTitle "playchess.com"]
[Source "ChessBase"]
[SourceQuality "1"]
[TimeControl "5400+30"]

1. d4 Nf6 2. Nf3 c5 3. d5 e6 4. c4 exd5 5. cxd5 d6 6. Nc3 g6 7. g3 Bg7 8. Bg2 a6 9. a4 O-O 10. O-O Re8 11. Nd2 Nbd7 12. h3 Rb8 13. Nc4 Ne5 14. Na3 Qc7 15. Bg5 Ned7 16. Rc1 h6 17. Bd2 b6 18. b3 Qd8 19. e4 Ne5 20. Qc2 g5 21. Nc4 b5 22. Nxe5 Rxe5 23. axb5 axb5 24. Ra1 b4 25. Na4 g4 26. hxg4 Nxg4 27. f3 Rh5 28. fxg4 Bd4+ 29. Rf2 Bxg4 30. Re1 Bxf2+ 31. Kxf2 Qf6+ 32. Bf4 c4 33. bxc4 Bd7 34. Nb2 b3 35. Qe2 Rg5 36. Bf3 Ra8 37. e5 Rxe5 38. Bxe5 dxe5 39. Qxe5 Qxe5 40. Rxe5 Ra2 41. Re2 Kf8 42. d6 Be6 43. c5 Ra5 44. c6 Ke8 45. Nd3 Kd8 46. Ne5 Ra2 47. Nd3 Bf5 48. Nb2 Be6 49. Ke3 Ra1 50. Kd4 Rc1 51. Bd5 Rc2 52. Bxe6 Rxc6 53. Bxf7 Rxd6+ 54. Kc3 Rf6 55. Bd5 Rg6 56. Re3 Kd7 57. Nd3 Kd6 58. Bxb3 h5 59. Bd1 Rg5 60. Nf4 h4 61. gxh4 Rf5 62. Re4 Rc5+ 63. Kd3 Rc1 64. Ke3 Rxd1 65. Rd4+ Rxd4 66. Kxd4 Ke7 67. Ke5 Kf7 68. Kf5 Kg7 69. Kg5 Kh7 70. h5 Kh8 71. Kg6 Kg8 72. h6 Kh8 73. Nd3 1-0

[Event "Kashem Chowdhury Rating-A 2019"]
[Site "Dhaka"]
[Date "2019.05.09"]
[Round "6.8"]
[White "Md. Jamal Uddin"]
[Black "Ahmed, Mahtabuddin"]
[Result "0-1"]
[ECO "D10"]
[WhiteElo "2084"]
[BlackElo "2036"]
[Annotator "NA RC"]
[PlyCount "100"]
[EventDate "2019.05.04"]
[EventType "swiss"]
[EventCountry "BAN"]
[SourceTitle "playchess.com"]
[Source "ChessBase"]
[SourceQuality "1"]
[TimeControl "5400+30"]

1. d4 d5 2. c4 c6 3. Nc3 Nf6 4. e3 Bf5 5. Qb3 Qb6 6. c5 {[%emt 0:07:11] D10: Slav Defence: 3 cxd5 (without early Nf3) and 3 Nc3} (6. Qxb6 axb6 7. cxd5 Nxd5 8. Nxd5 cxd5 9. Ne2 Nc6 10. Nc3 e6 11. Bb5 Bb4 12. Bd2 Ra5 13. Be2 Kd7 14. a3 Raa8 15. f3 {½-½ (34) Feller,S (2574)-Bailet,P (2501) Brest 2018}) 6... Qc7 7. Nf3 Nbd7 8. Nh4 Bg6 9. f4 e6 10. Be2 Be4 11. O-O Be7 12. Nf3 $146 ({Predecessor:} 12. Nxe4 Nxe4 13. Nf3 O-O 14. Qc2 b6 15. cxb6 Qxb6 {1-0 (49) Ilandzis,S (2182)-Tsangaris,S (1992) Ano Liosia 2007}) 12... Bf5 13. Bd2 Ne4 14. Nxe4 Bxe4 15. Rac1 O-O 16. Be1 Bxf3 ({Better is} 16... b6 $15) 17. Bxf3 f5 18. g4 Nf6 19. g5 Ne4 20. Rc2 g6 21. h4 Kg7 ({Black should try} 21... b6 $11) 22. Rh2 Rh8 23. Kg2 h6 24. Rfh1 h5 25. Bxe4 fxe4 26. Bg3 Qd7 27. f5 exf5 28. Be5+ Kh7 29. Bxh8 Rxh8 30. Rf1 Rf8 31. Kh1 Bd8 32. Rg2 Rf7 33. Qc3 Bc7 34. b4 (34. Rgf2 $17 {keeps fighting.}) 34... f4 35. exf4 Bxf4 36. Qb3 Qe6 37. b5 e3 38. Qd3 Qh3+ 39. Kg1 e2 $2 (39... cxb5 $19 40. Qe2 Qxh4 41. Qxb5 Re7) 40. Qxe2 $19 (40. Qxh3 $16 Be3+ {[%mdl 64] Double Attack} 41. Rgf2 Bxf2+ 42. Kh1) 40... Be3+ {[%emt 0:00:16] Double Attack} 41. Rff2 Bxd4 42. Qxh5+ gxh5 43. g6+ Kg7 44. gxf7+ Qxg2+ 45. Kxg2 Bxf2 46. Kxf2 Kxf7 47. a4 a6 48. b6 Kf6 49. Ke3 Ke5 50. Kd3 d4 {[%emt 0:00:07] Kxd4+ [%clk 0:00:00]} 0-1

[Event "Kashem Chowdhury Rating-A 2019"]
[Site "Dhaka"]
[Date "2019.05.09"]
[Round "6.9"]
[White "Islam, Mohammad Aminul"]
[Black "Md.abu, Hanif"]
[Result "1-0"]
[ECO "A11"]
[WhiteElo "2027"]
[BlackElo "2042"]
[Annotator "NA RC"]
[PlyCount "103"]
[EventDate "2019.05.04"]
[EventType "swiss"]
[EventCountry "BAN"]
[SourceTitle "playchess.com"]
[Source "ChessBase"]
[SourceQuality "1"]
[TimeControl "5400+30"]

1. Nf3 d5 2. c4 c6 3. Qc2 Nf6 4. g3 g6 5. b3 Bg7 6. Bb2 {[%emt 0:00:00] A11: English Opening: 1...c6} Na6 7. Bg2 Bf5 $146 ({Predecessor:} 7... O-O 8. a3 b6 9. b4 Bb7 10. d4 c5 11. b5 Nc7 12. dxc5 bxc5 13. a4 d4 14. O-O {½-½ (34) Quinteros,M (2505)-Ivanov,I (2515) Luzern 1982}) 8. Qc1 Rc8 9. O-O O-O 10. Na3 Re8 11. d3 Nb4 12. Nc2 Nxc2 13. Qxc2 Nh5 14. Bxg7 Nxg7 15. e4 Be6 16. Rfe1 f6 17. Rad1 Bg4 18. h3 Bxf3 19. Bxf3 e5 20. exd5 cxd5 {[%emt 0:01:00] [#]} (20... Nf5 $142 21. Qb2 Nd4) 21. Qb2 (21. Qc1 $1 $16) 21... dxc4 22. bxc4 b6 23. Bd5+ Kh8 $1 24. d4 exd4 25. Qxd4 Qd6 26. g4 Re7 27. Rxe7 Qxe7 28. Rd3 Rd8 29. Re3 Qd6 30. a4 Re8 31. Kf1 Rxe3 32. Qxe3 Qe5 33. Qa3 Qe8 34. a5 (34. Qd6 $18) 34... Qd8 35. axb6 axb6 {[%emt 0:00:03] [#]} 36. Ke1 $2 (36. Bf7 $1 $18) 36... Qe8+ {[%emt 0:02:10] [#]} (36... h5 $11) 37. Kd2 $1 Qd8 {[%emt 0:01:09] [#]} 38. Kc3 $1 f5 {[%emt 0:00:15] [#]} 39. g5 $1 f4 $2 {[%emt 0:00:03] [#]} (39... Nh5 $16) 40. Qa8 ({Only move:} 40. Qa7 $1 $18) 40... Qxa8 41. Bxa8 Ne6 {[%emt 0:00:17] [#]} 42. h4 $1 h6 43. Bd5 Nc7 44. Kd4 hxg5 45. hxg5 Kg7 46. Ke5 b5 47. c5 (47. Kd6 $142 Nxd5 48. Kxd5 (48. cxd5 b4 $11) 48... bxc4 49. Kxc4) 47... b4 48. Bc4 b3 49. Bxb3 f3 50. Bc4 Kf8 51. Kd6 Ne8+ 52. Kd7 1-0

[Event "Kashem Chowdhury Rating-A 2019"]
[Site "Dhaka"]
[Date "2019.05.09"]
[Round "6.10"]
[White "Rahman, Syed Mahfuzur"]
[Black "Chowdhury, Sohel"]
[Result "1/2-1/2"]
[ECO "B14"]
[WhiteElo "2217"]
[BlackElo "2044"]
[Annotator "ChessBase"]
[PlyCount "82"]
[EventDate "2019.05.04"]
[EventType "swiss"]
[EventCountry "BAN"]
[SourceTitle "playchess.com"]
[Source "ChessBase"]
[SourceQuality "1"]
[TimeControl "5400+30"]

1. e4 c6 2. d4 d5 3. exd5 cxd5 4. c4 Nf6 5. Nc3 e6 6. Nf3 Nc6 7. c5 Be7 8. Rb1 Qc7 9. Nb5 Qb8 10. g3 Nh5 11. Be2 a6 12. Nc3 Bd7 13. Na4 Bd8 14. O-O O-O 15. b4 Nf6 16. Nc3 h6 17. a4 Ne4 18. Nxe4 dxe4 19. Ne1 Bf6 20. Nc2 Rd8 21. b5 axb5 22. axb5 Nxd4 23. Nxd4 Be8 24. Rb4 e5 25. Qc2 exd4 26. Qxe4 Qe5 27. Qxe5 Bxe5 28. Bf3 Rac8 29. Bxb7 Rxc5 30. b6 Bb5 31. Re1 Rb8 32. Bf3 Rxb6 33. Ba3 Rc3 34. Rxe5 Rxa3 35. Be4 Ra1+ 36. Bb1 d3 37. Rd5 g6 38. f4 Rc6 39. Rbxb5 Rc1+ 40. Kg2 Raxb1 41. Rxb1 Rxb1 1/2-1/2